 Dungeon Crawl Stone Soup version 0.16.2-12-gd0ad4c3 (webtiles) character file.

316 mrath the Chopper (level 6, -4/53 HPs)
             Began as a Minotaur Fighter on Sept 30, 2015.
             Slain by an ogre
             ... wielding a +0 giant club
              (5 damage)
             ... on level 4 of the Dungeon on Oct 1, 2015.
             The game lasted 00:33:11 (3688 turns).

mrath the Chopper (Minotaur Fighter)                Turns: 3688, Time: 00:33:11

Health: -4/53      AC:  9    Str: 22    XL:     6   Next: 20%
Magic:  3/3        EV:  6    Int:  5    God:
Gold:   144        SH: 10    Dex: 10    Spells: 0 memorised, 5 levels left

rFire  . . .     SeeInvis .     m - +0 blowgun (curse)
rCold  . . .     Clarity  .     v - +0 chain mail
rNeg   . . .     SustAb   .     c - +1 shield
rPois  .         Gourm    .     w - +0 hat
rElec  .         Spirit   .     (no cloak)
rCorr  .         Warding  .     (no gloves)
rMut   .         Stasis   .     (no boots)
MR     .....                    (no amulet)
Stlth  ..........               (no ring)
                                (no ring)

@: not resistant to hostile enchantments, extremely unstealthy
A: retaliatory headbutt, horns 2
a: no special abilities


You were on level 4 of the Dungeon.
You were not hungry.

You visited 1 branch of the dungeon, and saw 4 of its levels.

You collected 144 gold pieces.

Inventory:

Hand weapons
 a - a +0 war axe
 k - a +0 hunting sling
 m - a cursed +0 blowgun (weapon)
 u - a +2 trident of freezing
Missiles
 g - 6 poisoned needles (quivered)
 l - 117 stones
 r - 6 needles of sleeping
Armour
 b - a +0 scale mail
 c - a +1 shield (worn)
 h - a +0 plate armour
 v - a +0 chain mail (worn)
 w - a +0 hat (worn)
Magical devices
 t - a wand of magic darts (37)
Scrolls
 j - a scroll of teleportation
Potions
 e - 3 potions of might
 f - 2 potions of heal wounds
 i - 2 potions of brilliance
 n - a potion of flight {unknown}
 q - a potion of ambrosia {unknown}
 z - a potion of haste {unknown}
Comestibles
 d - 6 bread rations
 o - 2 meat rations
 p - a beef jerky
 x - 3 fruits


   Skills:
 + Level 4.4 Fighting
 + Level 6.4 Axes
 - Level 0.2(0.3) Slings
 + Level 0.2 Throwing
 + Level 4.2 Armour
 + Level 0.9 Dodging
 + Level 4.4 Shields


You had 5 spell levels left.
You didn't know any spells.

Dungeon Overview and Level Annotations

Branches:
Dungeon (4/15)
 Temple: D:4-7

Altars:
Dithmenos
Elyvilon


Innate Abilities, Weirdness & Mutations

You reflexively headbutt those who attack you in melee.
You have a pair of horns on your head.


Message History

You clumsily bash the ogre but do no damage.
The ogre hits you with a giant club!
You clumsily bash the ogre but do no damage.
The ogre barely misses you. You furiously retaliate!
You headbutt the ogre.
You clumsily bash the ogre but do no damage.
The ogre is lightly wounded.
You block the ogre's attack.
You clumsily bash the ogre but do no damage.
The ogre is lightly wounded.
The ogre hits you with a giant club!
* * * LOW HITPOINT WARNING * * *
You clumsily bash the ogre but do no damage.
You headbutt the ogre!
The ogre is heavily wounded.
The ogre hits you with a giant club!
* * * LOW HITPOINT WARNING * * *
You clumsily bash the ogre but do no damage.
The ogre is moderately wounded.
The ogre hits you with a giant club.
You die...

#$. ##....... +.#.
##........
#...###.......##
#+##.#.........###
.....##....####
#.#.##...### .
#.##<..###
#...###O...###
#....@.###
###..### ##. #. #.
##


You could see an ogre.

Vanquished Creatures
  The ghost of deKoprolKing the Shield-Bearer, an average FoFi (D:3)
  A hound (D:4)
  2 orc wizards
  5 adders
  A giant mite (D:3)
  A worm (D:2)
  5 giant geckos
  2 oozes (D:1)
  8 orcs
  7 bats
  3 goblins (D:3)
  12 hobgoblins
  12 kobolds
  2 quokkas (D:3)
  6 giant cockroaches
  3 giant newts
  5 jackals
  6 rats
82 creatures vanquished.

Notes
Turn   | Place    | Note
--------------------------------------------------------------
     0 | D:1      | mrath, the Minotaur Fighter, began the quest for the Orb.
     0 | D:1      | Reached XP level 1. HP: 19/19 MP: 1/1
   166 | D:1      | Reached skill level 4 in Armour
   166 | D:1      | Reached XP level 2. HP: 27/27 MP: 1/1
   864 | D:2      | Reached XP level 3. HP: 30/33 MP: 2/2
  1467 | D:3      | Noticed deKoprolKing's ghost (average FoFi)
  1692 | D:3      | Found a white marble altar of Elyvilon.
  2059 | D:3      | Reached XP level 4. HP: 30/40 MP: 2/2
  2600 | D:3      | Killed deKoprolKing's ghost
  2600 | D:3      | Reached skill level 5 in Axes
  2600 | D:3      | Reached XP level 5. HP: 35/46 MP: 2/2
  2743 | D:3      | Found a shadowy altar of Dithmenos.
  3104 | D:3      | Reached skill level 6 in Axes
  3197 | D:4      | Reached XP level 6. HP: 44/52 MP: 3/3
  3677 | D:4      | Noticed an ogre
  3687 | D:4      | HP: 1/53 [ogre/giant club (12)]
  3688 | D:4      | Slain by an ogre

Action                   |  1- 3 |  4- 6 || total
-------------------------+-------+-------++-------
Melee: War axe           |    94 |    30 ||   124
       Blowgun           |       |   157 ||   157
 Fire: Hunting sling     |    23 |       ||    23
       Blowgun           |       |    31 ||    31
Throw: Stone             |     5 |     2 ||     7
  Use: Potion            |     4 |     1 ||     5
       Scroll            |       |     5 ||     5
 Stab: Invisible         |     1 |       ||     1
       Sleeping          |       |     1 ||     1
  Eat: Chunk             |     4 |     4 ||     8
       Beef jerky        |       |     1 ||     1
